 Dungeon Crawl Stone Soup version 0.27-a0-1529-g1e82c303ef (webtiles) character file.

Game seed: 9705865363782692097

381 garrulousMonolith the Ducker (level 7, -5/45 HPs)
             Began as a Djinni Air Elementalist on July 12, 2021.
             Slain by Sigmund (8 damage)
             ... on level 5 of the Dungeon.
             The game lasted 00:06:00 (5247 turns).

garrulousMonolith the Ducker (DjAE)                 Turns: 5247, Time: 00:06:01

Health: -5/45      AC:  4    Str:  7    XL:     7   Next: 5%
Gold:   186        EV: 12    Int: 19    God:
                   SH:  0    Dex: 13

rFire    + + .     SeeInvis .   b - +0 short sword
rCold    x . .     Faith    .   (no shield)
rNeg     . . .     Spirit   .   j - +0 leather armour
rPois    ∞         Reflect  .   i - +0 hat
rElec    .         Harm     .   (no cloak)
rCorr    .         Rampage  .   d - +0 pair of gloves
Will     .....                  (boots unavailable)
Stlth    ++........             (no amulet)
HPRegen  0.15/turn              (no ring)
MPRegen  0.00/turn              (no ring)

@: flying
A: sickness immunity, fire resistance 2, cold vulnerability 1, float, innate
caster, hp casting, extra vitality 1
a: no special abilities


You were on level 5 of the Dungeon.
You visited 1 branch of the dungeon, and saw 5 of its levels.

You collected 186 gold pieces.

Inventory:

Hand Weapons
 b - a +0 short sword (weapon)
Missiles
 f - 12 poisoned darts (quivered)
 l - 4 atropa-tipped darts
Armour
 d - a +0 pair of gloves (worn)
 i - a +0 hat (worn)
 j - a +0 leather armour (worn)
Wands
 h - a wand of charming (6)
Scrolls
 a - a scroll of summoning {unknown}
 c - 2 scrolls of identify {unknown}
 e - a scroll of fear {unknown}
 g - a scroll of silence {unknown}
 k - a scroll of enchant weapon {unknown}
Potions
 m - a potion of curing {unknown}


   Skills:
 + Level 4.7 Dodging
 + Level 3.8 Stealth
 + Level 3.8 Spellcasting


You couldn't memorise any spells.
You knew the following spells:

 Your Spells              Type           Power      Damage    Failure   Level
a - Shock                 Conj/Air       72%        1d7       4%          1
b - Airstrike             Air            9%         N/A       41%         4
c - Static Discharge      Conj/Air       18%        N/A       7%          2
d - Swiftness             Air            18%        N/A       13%         3
e - Magic Dart            Conj           72%        1d6       4%          1
f - Slow                  Hex            18%        N/A       7%          2
g - Teleport Other        Tloc           18%        N/A       13%         3
Your spell library was empty.

Dungeon Overview and Level Annotations

Branches:
Dungeon (5/15)
 Temple: D:4-7

Altars:

Shops:
D:2 (

Annotations:
D:5 Sigmund


Innate Abilities, Weirdness & Mutations

You are immune to sickness and miasma.
You are immune to poison.
Your flesh is very heat resistant. (rF++)
You are vulnerable to cold. (rC-)
You float through the air rather than walking.
You learn spells naturally, not from books.
Your magical power is your life essence.
You have superior vitality. (+4 HP)


Message History

Press: ? - help, Shift-Dir - straight line, f/p - Sigmund
Aim: Sigmund, wielding a +2 scythe of protection and wearing a +0 robe (lightly wounded, 68% to hit)
The zap hits Sigmund.
Sigmund is moderately wounded.
Sigmund points at you and mumbles some strange words.
The magic dart hits you.
Casting: Shock (safe; 4% risk of failure)
Confirm with . or Enter, or press ? or * to list all spells.
Aiming: Shock (safe; 4% risk of failure)
Press: ? - help, Shift-Dir - straight line, f/p - Sigmund
Aim: Sigmund, wielding a +2 scythe of protection and wearing a +0 robe (lightly wounded, 68% to hit)
The zap hits Sigmund.
Sigmund is moderately wounded.
Casting: Shock (safe; 4% risk of failure)
Confirm with . or Enter, or press ? or * to list all spells.
Aiming: Shock (safe; 4% risk of failure)
Press: ? - help, Shift-Dir - straight line, f/p - Sigmund
Aim: Sigmund, wielding a +2 scythe of protection and wearing a +0 robe (moderately wounded, 68% to hit)
The zap hits Sigmund.
Sigmund is heavily wounded.
Sigmund hits you with a +2 scythe of protection!
* * * LOW HITPOINT WARNING * * *
Casting: Shock (safe; 4% risk of failure)
Confirm with . or Enter, or press ? or * to list all spells.
Sigmund is struck by an arc of lightning.
Sigmund is severely wounded.
You are struck by an arc of lightning.
* * * LOW HITPOINT WARNING * * *
The lightning grounds out.
* * * LOW HITPOINT WARNING * * *
Sigmund hits you with a +2 scythe of protection.
* * * LOW HITPOINT WARNING * * *
Okay, then.
Okay, then.
Aiming: Charm
Press: ? - help, Shift-Dir - straight line, f/p - Sigmund
Aim: Sigmund, wielding a +2 scythe of protection and wearing a +0 robe (severely wounded, chance to affect: 54%) Sigmund resists with significant effort.
Sigmund hits you with a +2 scythe of protection!
You die...

.. ##.#####.# ##
#........# #..#######
#..####### #.........
########################
.......................
#..#..#..#..#..#..#..#..
......@@................
#..#..#..#..#..#..#..#..
.......................
########################


You could see Sigmund.

Vanquished Creatures
  An ogre (D:4)
  A jelly (D:4)
  An orc priest (D:4)
  Jessica (D:2)
  An iguana (D:4)
  Natasha (twice) (D:3)
  A hound skeleton (D:4)
  A howler monkey zombie (D:4)
  4 adders
  A worm (D:3)
  A dart slug (D:1)
  4 orcs
  5 bats
  3 endoplasms
  4 giant cockroaches
  7 goblins
  9 hobgoblins
  2 jackals (D:4)
  A quokka (D:3)
  6 ball pythons
  4 frilled lizards
  6 kobolds
  5 rats
71 creatures vanquished.

Vanquished Creatures (others)
  5 plants (D:5)
5 creatures vanquished.

Grand Total: 76 creatures vanquished

Notes
Turn   | Place    | Note
-------+----------+-------------------------------------------
     0 | D:1      | garrulousMonolith the Djinni Air Elementalist began the
                  | quest for the Orb.
     0 | D:1      | Reached XP level 1. HP: 15/15 MP: 0/0
   400 | D:1      | Reached XP level 2. HP: 11/21 MP: 0/0
   896 | D:1      | Reached XP level 3. HP: 16/25 MP: 0/0
   896 | D:1      | Learned a level 1 spell: Magic Dart
  1633 | D:2      | Reached skill level 3 in Dodging
  1826 | D:2      | HP: 1/25 [/static electricity (3)]
  1827 | D:2      | Reached XP level 4. HP: 2/31 MP: 0/0
  2387 | D:2      | Found Jacra's Antique Weapon Boutique.
  2558 | D:2      | Noticed Jessica
  2566 | D:2      | Killed Jessica
  3068 | D:3      | Reached XP level 5. HP: 33/35 MP: 0/0
  3068 | D:3      | Learned a level 2 spell: Slow
  3095 | D:3      | Noticed Natasha
  3102 | D:3      | Killed Natasha
  3400 | D:3      | Noticed Natasha
  3638 | D:3      | Killed Natasha
  3871 | D:4      | Reached skill level 4 in Dodging
  3871 | D:4      | Reached XP level 6. HP: 31/40 MP: 0/0
  4141 | D:4      | Noticed an ogre
  4162 | D:4      | Killed an ogre
  4165 | D:4      | HP: 2/40 [acid (10)]
  4579 | D:4      | Reached XP level 7. HP: 40/45 MP: 0/0
  4579 | D:4      | Learned a level 3 spell: Teleport Other
  5155 | D:5      | Entered Level 5 of the Dungeon
  5236 | D:5      | Noticed Sigmund
  5247 | D:5      | Slain by Sigmund

Illustrated notes

Levels and vault maps discovered:
D:1:      matt_arrival_los_fun, layout_basic
D:2:      layout_loops_ring, serial_shops,
          nicolae_shop_competitors_out_of_business, uniq_jessica
D:3:      layout_rooms, uniq_natasha
D:4:      layout_basic
D:5:      layout_loops_ring, kennysheep_vampire_church,
          nicolae_overflow_hidden_temple, serial_bayou_lagoon_a,
          columned_hall_lemuel, uniq_eustachio, uniq_sigmund

Skill      XL: |  1  2  3  4  5 |
---------------+----------------+-----
Stealth        | 2 3 |  3.8
Dodging        | 3 4 |  4.7
Spellcasting   | 3 |  3.8

Action                   |  1- 3 |  4- 6 |  7- 9 || total
-------------------------+-------+-------+-------++-------
 Cast: Shock             |    64 |    90 |    28 ||   182
       Static Discharge  |     4 |    16 |     1 ||    21
       Magic Dart        |       |       |     1 ||     1
Evoke: Wand              |       |       |     1 ||     1
Armor: Robe              |     4 |     4 |       ||     8
       Leather armour    |       |       |     1 ||     1
Dodge: Dodged            |     5 |    14 |     1 ||    20

Table legend: (Time is in decaauts)
 A = Elapsed time spent in this place.
 B = Non-inter-level travel time spent in this place.
 C = Inter-level travel time spent in this place.
 D = Time resting spent in this place.
 E = Time spent auto-exploring this place.
 F = Levels seen in this place.
 G = Mean time per level.
                   A        B        C        D        E       F      G
               +--------+--------+--------+--------+--------+-----+--------+
         Total |   5253 |   5119 |    134 |   1197 |   3518 |   5 | 1050.6 |
       Dungeon |   5253 |   5119 |    134 |   1197 |   3518 |   5 | 1050.6 |
               +--------+--------+--------+--------+--------+-----+--------+

Top non-repeatable levels by time:
     D:1: 1409 daAuts
     D:4: 1409 daAuts
     D:2: 1407 daAuts
     D:3: 935 daAuts
     D:5: 91 daAuts
